 Dungeon Crawl Stone Soup version 0.31.0-11-ge490571c62 (webtiles) character file.

Game seed: 17949762161216004659

401 DungeonMouse the Vexing (level 6, 0/28 HPs)
             Began as a Vine Stalker Enchanter on Feb 8, 2024.
             Slain by a gnoll bouda
             ... wielding a +0 club
              (2 damage)
             ... on level 4 of the Dungeon.
             The game lasted 00:06:30 (2960 turns).

DungeonMouse the Vexing (Vine Stalker Enchanter)    Turns: 2960, Time: 00:06:31

Health: 0/28       AC:  4    Str: 10    XL:     6   Next: 85%
Magic:  0/22       EV: 12    Int: 20    God:
Gold:   149        SH:  0    Dex: 15    Spells: 6/14 levels left

rFire   + . .        a - +1 dagger
rCold   . . .        (no shield)
rNeg    . . .        q - +0 robe
rPois   .            n - +1 hat of the Insatiable Spines {rF+}
rElec   .            (no cloak)
rCorr   .            (no gloves)
SInv    .            u - +0 pair of boots
Will    +....        (no amulet)
Stlth   +++          k - ring of magical power
HPRegen 1.04/turn    p - ring "Wiuril" {Will+ Int+3}
MPRegen 0.18/turn

%: guardian spirit
@: no status effects
A: fangs 2, regeneration 1, magic shield, antimagic bite, no potion heal 2
a: no special abilities


You were on level 4 of the Dungeon.
You visited 1 branch of the dungeon, and saw 4 of its levels.

You collected 149 gold pieces.

Inventory:

Hand Weapons
 a - a +1 dagger (weapon)
 b - a +1 falchion of draining
Armour
 n - the +1 hat of the Insatiable Spines (worn) {rF+}
   (You found it on level 2 of the Dungeon)

   rF+:       It protects you from fire.
 q - a +0 robe (worn)
 u - a +0 pair of boots (worn)
Jewellery
 k - a ring of magical power (left hand)
 p - the ring "Wiuril" (right hand) {Will+ Int+3}
   (You found it on level 2 of the Dungeon)

   [ring of willpower]

   Int+3:     It affects your intelligence (+3).
   Will+:     It increases your willpower.
Scrolls
 f - a scroll of revelation {unknown}
 g - 2 scrolls of blinking {unknown}
 h - a scroll of fog {unknown}
 i - a scroll of fear {unknown}
 l - a scroll of amnesia {unknown}
 m - a scroll of enchant weapon {unknown}
 o - 3 scrolls of identify {unknown}
 s - a scroll of teleportation {unknown}
 t - 2 scrolls of poison {unknown}
Potions
 c - 2 potions of invisibility
 d - a potion of lignification {unknown}
 e - 2 potions of cancellation {unknown}
 j - a potion of haste {unknown}
 r - 2 potions of curing {unknown}
 v - a potion of berserk rage {unknown}


   Skills:
 - Level 0.8 Short Blades
 - Level 1.5 Dodging
 - Level 3.9 Stealth
 + Level 4.5 Spellcasting
 + Level 4.8 Hexes
 + Level 3.4 Ice Magic


You had 6 spell levels left.
You knew the following spells:

 Your Spells              Type           Power      Damage    Failure   Level
a - Ensorcelled Hibernat  Hex/Ice        42%        N/A       3%          2
b - Confusing Touch       Hex            24%        N/A       4%          3
c - Tukima's Dance        Hex            24%        N/A       4%          3

Your spell library contained the following spells:

 Spells                   Type           Power      Damage    Failure   Level
 Shock                    Conj/Air       16%        1d4       12%         1
 Dazzling Flash           Conj/Hex       28%        N/A       13%         3
 Swiftness                Air            4%         N/A       36%         3
 Airstrike                Air            2%         2d(1-17)  77%         4


Dungeon Overview and Level Annotations

Branches:
Dungeon (4/15)
 Temple: D:4-7

Altars:
Xom

Annotations:
D:2 1 runed translucent door, Crazy Yiuf


Innate Abilities, Weirdness & Mutations

You have extremely sharp teeth.
Your natural rate of healing is unusually fast.
When hurt, damage is shared between your health and your magic reserves.
Your bite disrupts and absorbs the magic of your enemies.
Potions cannot restore your health.


Message History

The gnoll bouda hits you with a +0 club.
* * * LOW HITPOINT WARNING * * *
You hit the gnoll bouda. You bite the gnoll bouda. You drain its power.
You feel invigorated.
The gnoll bouda is severely wounded.
The gnoll bouda misses you.
You hit the gnoll bouda but do no damage.
Your bite misses the gnoll bouda.
The gnoll bouda is severely wounded.
The gnoll bouda closely misses you.
You closely miss the gnoll bouda.
The gnoll bouda is severely wounded.
The gnoll bouda prays to its god.
The gnoll bouda is healed somewhat.
You hit the gnoll bouda but do no damage.
The gnoll bouda is heavily wounded.
Casting: Ensorcelled Hibernation (safe; 3% risk of failure)
Confirm with . or Enter, or press ? or * to list all spells.
Aiming: Ensorcelled Hibernation (safe; 3% risk of failure)
Press: ? - help, Shift-Dir - straight line, f - gnoll bouda
Aim: a gnoll bouda, wielding a +0 club and wearing a +0 robe (heavily wounded, chance to affect: 53%)
The gnoll bouda resists with significant effort.
The gnoll bouda misses you.
Casting: Ensorcelled Hibernation (safe; 3% risk of failure)
Confirm with . or Enter, or press ? or * to list all spells.
Aiming: Ensorcelled Hibernation (safe; 3% risk of failure)
Press: ? - help, Shift-Dir - straight line, f/p - gnoll bouda
Aim: a gnoll bouda, wielding a +0 club and wearing a +0 robe (heavily wounded, chance to affect: 53%)
The gnoll bouda resists with significant effort.
The gnoll bouda hits you with a +0 club!
* * * LOW HITPOINT WARNING * * *
Casting: Ensorcelled Hibernation (safe; 3% risk of failure)
Confirm with . or Enter, or press ? or * to list all spells.
You don't have enough magic to cast this spell.
The gnoll bouda hits you with a +0 club.
* * * LOW HITPOINT WARNING * * *
You hit the gnoll bouda.
The gnoll bouda is heavily wounded.
The gnoll bouda hits you with a +0 club.
You die...

#.......#
#.......#
#.......#
#.......#
#.......#
#.......#
#.......#
#...g...#
#...@...#
#.......#
#...<)..#
#.......#
#.......#
#.......#
#.......#
#.......#
#.......#


You could see a gnoll bouda.

Vanquished Creatures
  Grinder (D:3)
  A bombardier beetle (D:3)
  A hound (D:3)
  An iguana (D:4)
  2 gnolls (D:3)
  2 adders
  2 dart slugs (D:1)
  6 orcs
  6 ball pythons
  4 bats
  3 endoplasms
  6 giant cockroaches
  3 goblins
  3 hobgoblins
  3 jackals (D:1)
  2 kobolds (D:1)
  5 quokkas
  2 frilled lizards (D:1)
  5 rats
58 creatures vanquished.

Vanquished Creatures (collateral kills)
  A gnoll (D:4)
1 creature vanquished.

Grand Total: 59 creatures vanquished

Notes
Turn   | Place    | Note
-------+----------+-------------------------------------------
     0 | D:1      | DungeonMouse the Vine Stalker Enchanter began the quest for
                  | the Orb.
     0 | D:1      | Reached XP level 1. HP: 9/9 MP: 4/4
    96 | D:1      | Reached XP level 2. HP: 13/13 MP: 6/6
    99 | D:1      | Learned a level 2 spell: Ensorcelled Hibernation
   401 | D:1      | Reached XP level 3. HP: 16/16 MP: 8/8
  1008 | D:2      | Found a runed translucent door.
  1009 | D:2      | Noticed Crazy Yiuf
  1158 | D:2      | Identified the +1 hat of the Insatiable Spines {rF+}
  1244 | D:2      | Reached skill level 1 in Ice Magic
  1453 | D:2      | Found a shimmering altar of Xom.
  1472 | D:2      | Identified the ring "Wiuril" {Will+ Int+3}
  1967 | D:2      | Reached XP level 4. HP: 18/20 MP: 9/9
  2167 | D:3      | Reached XP level 5. HP: 24/24 MP: 11/11
  2194 | D:3      | Learned a level 3 spell: Confusing Touch
  2198 | D:3      | Learned a level 3 spell: Tukima's Dance
  2479 | D:3      | Found a faded altar of an unknown god.
  2520 | D:3      | Noticed Grinder
  2539 | D:3      | Killed Grinder
  2540 | D:3      | Reached XP level 6. HP: 28/28 MP: 13/13
  2959 | D:4      | HP: 1/28 [gnoll bouda/+0 club (5)]
  2960 | D:4      | Slain by a gnoll bouda

Illustrated notes

Levels and vault maps discovered:
D:1:      roderic_crossed_star, layout_basic
D:2:      layout_loops_corners, basic_altar, chequers_serial_rivers_micro_d,
          minmay_pentomino_r2, uniq_crazy_yiuf_cottage
D:3:      layout_loops_ring, basic_ecumenical_altar, hangedman_feature_mirror,
          skrybe_limestone_x, uniq_grinder
D:4:      layout_gridville, grunt_temple_overflow_cloverleaf, grunt_decor_cap,
          kennysheep_generic_room_7, uniq_menkaure, uniq_robin

Skill      XL: |  1  2  3  4  5 |
---------------+----------------+-----
Ice Magic      | 1 2 3 |  3.4
Spellcasting   | 3 4 |  4.5
Hexes          | 4 |  4.8
Short Blades   | |  0.8
Dodging        | |  1.5
Stealth        | |  3.9

Action                     |  1- 3 |  4- 6 || total
---------------------------+-------+-------++-------
  Melee: Dagger            |   115 |    78 ||   193
         Bite              |    22 |    24 ||    46
         Punch             |     1 |     1 ||     2
   Cast: Ensorcelled Hiber |     5 |    12 ||    17
         Confusing Touch   |       |     1 ||     1
         Tukima's Dance    |       |     3 ||     3
   Stab: Sleeping          |     7 |    11 ||    18
         Confused          |       |     1 ||     1
         Distracted        |       |     1 ||     1
 Armour: Robe              |    63 |    52 ||   115
  Dodge: Dodged            |    86 |    56 ||   142
